 Dungeon Crawl Stone Soup version 0.16-a0-119-gc74d62a (webtiles) character file.

183384 Ratboiler the Severer (level 18, -8/159 HPs)
             Began as a Hill Orc Fighter on Aug 11, 2014.
             Was an Elder of Qazlal.
             Mangled by a water nymph (11 damage)
             ... on Level 3 of the Shoals on Aug 12, 2014.
             The game lasted 03:29:30 (43441 turns).

Ratboiler the Severer (Hill Orc Fighter)           Turns: 43441, Time: 03:29:30

HP  -8/159       AC 24     Str 26      XL: 18   Next: 37%
MP  30/31        EV 15     Int  8      God: Qazlal [****..]
Gold 307         SH 29     Dex 21      Spells:  1 memorised, 16 levels left

rFire  + . .     SeeInvis .     a - +5 broad axe (elec)
rCold  . . .     Clarity  .     C - +4 plate armour
rNeg   . . .     rCorr    .     p - +2 large shield
rPois  +         rRot     .     (no helmet)
rElec  .         Spirit   .     I - +0 cloak
SustAb .         Warding  .     u - +0 pair of gloves
rMut   .         Stasis   .     B - +0 pair of boots {Fly}
Gourm  .                        d - amulet of rage
MR     +....                    f - ring of poison resistance
                                H - ring of protection from fire

@: mighty, agile, exhausted, about to teleport, manticore barbs, flying, very
slightly contaminated, hasted and slowed, repel missiles, somewhat resistant to
hostile enchantments, extremely unstealthy
A: no striking features
a: Upheaval, Elemental Force, Renounce Religion, Evoke Berserk Rage, Stop Flying


You were on level 3 of the Shoals.
You worshipped Qazlal.
Qazlal was greatly pleased with you.
You were not hungry.

You visited 6 branches of the dungeon, and saw 32 of its levels.
You visited 1 bazaar.
You also visited: Labyrinth.

You collected 3250 gold pieces.
You spent 2943 gold pieces at shops.

Inventory:

Hand weapons
 a - a +5 broad axe of electrocution (weapon)
 b - the +1 hunting sling "Killer Bee's Foe" {flame, rElec MR++ Str-1 Int-1}
   (You found it on level 5 of the Dungeon)

   It turns projectiles fired from it into bolts of flame.
   It affects your strength (-1).
   It affects your intelligence (-1).
   It insulates you from electricity.
   It affects your resistance to hostile enchantments.
 x - a +2 vampiric battleaxe
 K - a +6 executioner's axe of freezing
Armour
 p - a +2 large shield (worn)
 u - a +0 pair of gloves (worn)
 B - a +0 pair of boots of flying (worn)
 C - a +4 plate armour (worn)
 I - a +0 cloak (worn)
Magical devices
 j - a wand of hasting (3)
 v - a wand of disintegration (4)
 A - a wand of flame (6)
 E - a wand of confusion (15)
 L - a wand of frost (10)
 O - a wand of digging (13)
 U - a wand of disintegration (14)
 W - a wand of teleportation (4)
Comestibles
 F - 9 bread rations
Scrolls
 n - a scroll of magic mapping
 y - 9 scrolls of remove curse
 J - 8 scrolls of teleportation
 M - 5 scrolls of fog
Jewellery
 d - an amulet of rage (around neck)
 f - a ring of poison resistance (right hand)
 w - the ring of Isynwall {+cTele +Blink}
   (You found it on level 4 of the Dungeon)

   [ring of teleport control]

   It can be evoked for teleport control.
   It lets you blink.
 z - an uncursed ring of see invisible
 H - a ring of protection from fire (left hand)
 P - an uncursed ring of ice {unknown}
 Y - an uncursed ring of protection from cold
Potions
 Z - a potion of might
Rods
 g - a +2 rod of ignition (10/10)
   (You bought it in a shop on level 2 of the Snake Pit)
 h - a +4 rod of inaccuracy (11/11)
   (You took it off a minotaur in a labyrinth)


   Skills:
 + Level 13.9 Fighting
 * Level 20.1 Axes
 + Level 12.9 Armour
 + Level 9.6 Dodging
 - Level 15.6 Shields
 - Level 10.0 Invocations
 - Level 10.5 Evocations


You had 16 spell levels left.
You knew the following spells:

 Your Spells              Type           Power        Failure   Level  Hunger
a - Apportation           Tloc           #.........   100%        1    ##.....


Dungeon Overview and Level Annotations

Branches:
Dungeon (11/15) Temple (1/1) D:5 Orc (4/4) D:9 Lair (8/8) D:11 Shoals (3/5) Lair:6 Snake (5/5) Lair:6 Slime (0/6) Lair:6 Lair:7 Elf: Orc:3-4

Altars:
Ashenzari
Cheibriados
Elyvilon
Fedhas
Gozag
Kikubaaqudgha
Makhleb
Nemelex Xobeh
Qazlal
Trog
Vehumet
Xom
Zin
The Shining One
Beogh

Shops:
Orc:3 !**(!   Orc:4 %!(:   Shoals:2 ?   Snake:2 %:!}   Snake:5 =

Portals:
Hell: Lair:8
Trove: D:10 (show horn of Geryon)

Annotations:
Orc:4 tabulaattori's ghost, powerful SpAs


Message History

* * * LOW HITPOINT WARNING * * *
The water nymph is no longer petrified.
Read which item? (? for menu, Esc to quit)
As you read the scroll of teleportation, it crumbles to dust.
You feel strangely unstable.
The water nymph flows with the water.
Drink which item? (? for menu, Esc to quit)
You feel better. You block the hippogriff's attack.
You block the hippogriff's attack. x2
The water nymph gestures at you while chanting.
The water rises up and strikes you!
* * * LOW HITPOINT WARNING * * *
Evoke which item? (* to show all) (? for menu, Esc to quit)
Zapping:
j - a wand of hasting (4)
Press: ? - help, Shift-Dir - straight line, f - you You feel yourself speed up.
You are very lightly contaminated with residual magic.
This wand has 3 charges left.
You block the hippogriff's attack. You block the hippogriff's attack. x2
The water nymph touches you. The water nymph drowns you!
You die...

..≈≈≈≈.....# ≈≈≈≈≈≈≈.S...#
≈≈≈≈≈≈≈≈≈(≈.#
≈≈≈≈≈≈≈≈≈(≈≈.#
.≈≈≈≈≈≈≈≈≈....####
.≈≈≈.≈≈≈≈(.......##
≈≈.Y≈≈≈%≈(≈≈..§§..##
....≈≈≈.≈(%≈≈.§≈≈§..#####
...≈≈≈≈)≈%.≈.YH@m.≈.<...#
≈≈≈≈≈≈≈)(m≈≈≈.§≈§≈......###
≈≈.≈≈≈..≈≈≈.≈≈§§≈≈≈≈≈≈.....
≈≈..≈≈..##...≈≈≈≈≈≈≈≈≈≈...≈
≈≈≈.≈≈..##..≈≈≈)≈≈≈≈≈≈≈≈≈≈≈
≈≈≈≈...>S...≈≈≈≈≈≈≈≈≈≈≈≈≈
.≈≈≈≈.....≈..≈≈≈≈≈≈≈≈≈≈
..≈≈≈≈≈≈≈≈≈≈≈≈≈≈≈≈≈≈≈
.≈≈≈≈≈≈≈≈≈≈≈≈≈≈≈≈≈≈


You could see a merfolk impaler, a death yak, 2 sea snakes, a water nymph and a
hippogriff.

Vanquished Creatures
  Nikola (Shoals:1)
  A kraken (Shoals:2)
  Polyphemus (Shoals:3)
  Wiglaf (Snake:4)
  4 greater nagas
  An orc warlord (Orc:4)
  A dire elephant (Lair:8)
  The ghost of Liquorice the Cleaver, a powerful CeBe of Trog (Orc:2)
  3 merfolk impalers (Shoals:2)
  A minotaur (Lab)
  5 hydras
  9 naga warriors
  7 anacondas
  2 sirens
  3 orc high priests (Orc:4)
  3 death yaks
  4 shock serpents
  6 naga sharpshooters
  Nergalle (Lair:2)
  2 catoblepae
  3 salamander mystics
  9 sea snakes
  7 naga ritualists
  6 mana vipers
  A hill giant (D:10)
  15 harpies
  3 manticores
  An ugly thing (D:11)
  5 orc sorcerers
  A wizard (Lair:8)
  3 fauns (Shoals:2)
  3 orc knights
  4 griffons
  6 salamanders
  38 black mambas
  17 naga magi
  A water nymph (Shoals:1)
  14 elephants
  Maurice (Orc:3)
  11 mermaids
  A drowned soul (Shoals:2)
  12 spiny frogs
  A feature mimic (Lair:4)
  An item mimic (Orc:4)
  An orange demon (Lair:8)
  8 komodo dragons
  4 fire drakes
  A hellwing (Lair:8)
  5 trolls
  A red devil (Lair:8)
  6 blue devils
  9 merfolk
  A two-headed ogre (D:9)
  3 polar bears
  A boulder beetle (Lair:8)
  9 blink frogs
  3 wind drakes (Shoals:2)
  2 snapping turtles
  8 basilisks
  8 air elementals
  A trapdoor spider (Orc:4)
  A spriggan (Lair:7)
  2 fire elementals
  7 water elementals
  2 wyverns
  A deep elf mage (D:11)
  Eustachio (D:4)
  A hungry ghost (D:9)
  A hill giant zombie (D:11)
  2 steam dragons
  50 yaks
  A warg (Orc:4)
  7 hippogriffs
  4 porcupines
  10 wolves
  4 ice beasts
  A mottled dragon (D:11)
  A soldier ant (D:11)
  4 phantoms (D:9)
  A sky beast (D:11)
  32 nagas
  34 water moccasins
  22 orc warriors
  2 spiders
  2 black bears
  A boring beetle (Lair:3)
  34 crocodiles
  12 ogres
  11 centaurs
  3 big kobolds
  12 giant frogs
  A warg zombie (Orc:4)
  2 eyes of draining (D:10)
  8 scorpions
  4 killer bees (D:10)
  3 troll zombies (D:9)
  8 wights
  2 electric eels (Lair:4)
  A vampire bat (Orc:2)
  3 yak skeletons
  6 crimson imps
  A giant frog zombie (D:7)
  A goliath beetle (D:9)
  26 orc priests
  2 centaur skeletons
  2 jellies
  6 orange rats (Lair:6)
  A gnoll shaman (D:7)
  20 orc wizards
  12 hounds
  A black bear skeleton (D:7)
  Natasha (twice) (D:3)
  7 iguanas
  7 worker ants
  A mottled dragon zombie (D:10)
  41 sheep
  Ijyb (D:2)
  6 ogre zombies
  2 mummies (D:10)
  9 gnolls
  9 green rats
  3 shadow imps
  20 orc zombies
  22 adders
  3 giant mites
  2 worms
  2 adder zombies (D:7)
  An adder skeleton (D:7)
  10 giant geckos
  4 oozes
  157 orcs
  17 bats
  9 giant cockroaches
  19 hobgoblins
  11 jackals
  18 quokkas
  18 giant newts
  15 goblins
  3 goblin zombies (D:9)
  4 hobgoblin skeletons (D:9)
  A hobgoblin zombie (D:9)
  30 kobolds
  9 orc skeletons
  12 rats
  8 rat skeletons (Orc:4)
  5 spectral orcs (Lair:2)
  3 bushes (Lair:7)
  57 fungi
  39 plants
  A tentacle (Shoals:2)
  2 tentacle segments (Shoals:2)
1258 creatures vanquished.

Vanquished Creatures (collateral kills)
  Rupert (Lair:7)
  2 hydras
  3 shock serpents
  A sun demon (Lair:8)
  A harpy (Shoals:3)
  2 orc knights (Orc:4)
  A salamander (Snake:2)
  A guardian serpent (Snake:5)
  4 black mambas
  A water nymph (Shoals:2)
  A naga mage (Snake:5)
  3 orange demons (Lair:8)
  A smoke demon (Lair:8)
  A komodo dragon (Lair:7)
  A wind drake (Shoals:2)
  A yak (D:10)
  A warg (Orc:4)
  A naga (Snake:5)
  2 orc warriors (Orc:4)
  A crocodile (Lair:8)
  2 orc priests
  A goliath beetle (D:9)
  A hound (Lair:7)
  2 orc wizards (Orc:4)
  4 orcs (Orc:4)
  An orc zombie (Orc:4)
41 creatures vanquished.

Vanquished Creatures (others)
  A naga sharpshooter (Snake:5)
  2 drowned souls
  A redback (Orc:4)
  3 air elementals
  4 trapdoor spiders (Orc:4)
  7 water elementals
  7 fire elementals
  2 nagas
  3 spiders
  An orc warrior (Orc:4)
  2 earth elementals
  2 orc wizards
  A giant mite (Lab)
  An orc (D:11)
  A hobgoblin (D:1)
  3 rat skeletons (Orc:4)
  10 fungi
  6 plants
  5 tentacles (Shoals:2)
  15 tentacle segments (Shoals:2)
77 creatures vanquished.

Grand Total: 1376 creatures vanquished

Notes
Turn   | Place    | Note
--------------------------------------------------------------
     0 | D:1      | Ratboiler, the Hill Orc Fighter, began the quest for the Orb.
     0 | D:1      | Reached XP level 1. HP: 19/19 MP: 1/1
   121 | D:1      | Reached XP level 2. HP: 27/27 MP: 2/2
   705 | D:2      | Reached XP level 3. HP: 28/33 MP: 3/3
   926 | D:2      | Reached skill level 4 in Fighting
   937 | D:2      | Noticed Ijyb
   962 | D:2      | Killed Ijyb
   962 | D:2      | Reached XP level 4. HP: 32/40 MP: 4/4
  1178 | D:2      | Reached skill level 1 in Dodging
  1449 | D:3      | Found a radiant altar of Vehumet.
  1585 | D:3      | Reached XP level 5. HP: 17/47 MP: 5/5
  1854 | D:3      | Noticed Natasha
  1866 | D:3      | Killed Natasha
  2172 | D:3      | Found a glowing silver altar of Zin.
  2173 | D:3      | Found a sparkling altar of Nemelex Xobeh.
  2202 | D:3      | Noticed Natasha
  2215 | D:3      | Killed Natasha
  2499 | D:4      | Noticed an ogre
  2511 | D:4      | Killed an ogre
  2511 | D:4      | Reached skill level 5 in Axes
  2511 | D:4      | Reached XP level 6. HP: 48/53 MP: 6/6
  2709 | D:4      | Noticed an ogre
  2719 | D:4      | Killed an ogre
  2719 | D:4      | Reached skill level 5 in Fighting
  2719 | D:4      | Reached XP level 7. HP: 49/61 MP: 7/7
  2813 | D:4      | Noticed Eustachio
  2884 | D:4      | Killed Eustachio
  2884 | D:4      | Reached skill level 6 in Axes
  2993 | D:4      | Got a shimmering granite ring
  3007 | D:4      | Identified the ring of Isynwall {+cTele +Blink} (You found it on level 4 of the Dungeon)
  3060 | D:4      | Noticed an ogre
  3073 | D:4      | Killed an ogre
  3073 | D:4      | Reached skill level 5 in Shields
  3073 | D:4      | Reached skill level 1 in Evocations
  3590 | D:5      | Entered Level 5 of the Dungeon
  3779 | D:5      | Reached XP level 8. HP: 66/69 MP: 10/10
  3832 | D:5      | Found a staircase to the Ecumenical Temple.
  3844 | Temple   | Entered the Ecumenical Temple
  3861 | Temple   | Became a worshipper of Qazlal Stormbringer
  3969 | D:5      | Reached skill level 5 in Armour
  4026 | D:5      | Got a warped hunting sling
  4234 | D:6      | Reached skill level 7 in Axes
  4813 | D:6      | Acquired Qazlal's first power
  4825 | D:6      | Found a white marble altar of Elyvilon.
  5443 | D:7      | Reached skill level 8 in Axes
  5499 | D:7      | Reached XP level 9. HP: 45/78 MP: 14/14
  6883 | D:8      | Identified the +1 hunting sling "Killer Bee's Foe" {flame, rElec MR++ Str-1 Int-1} (You found it on level 5 of the Dungeon)
  7070 | D:8      | Reached skill level 9 in Axes
  7527 | D:8      | Got a crude flail
  7784 | D:8      | Acquired Qazlal's second power
  7935 | D:8      | Found a bloodstained altar of Trog.
  8889 | D:9      | Reached XP level 10. HP: 84/88 MP: 15/17
  8962 | D:9      | Found a white marble altar of Elyvilon.
  8985 | D:9      | Reached skill level 1 in Invocations
  9117 | D:9      | Reached skill level 10 in Axes
  9479 | D:9      | Found a staircase to the Orcish Mines.
  9520 | D:9      | Reached skill level 5 in Evocations
  9532 | D:9      | Acquired Qazlal's third power
 10066 | D:9      | Found a snail-covered altar of Cheibriados.
 10328 | D:10     | Entered Level 10 of the Dungeon
 10502 | D:10     | Noticed a catoblepas
 10511 | D:10     | Killed a catoblepas
 10511 | D:10     | Reached skill level 11 in Axes
 10641 | D:9      | Acquired Qazlal's fourth power
 10950 | D:10     | Found a portal to a secret trove of treasure.
 11002 | D:10     | Reached XP level 11. HP: 91/95 MP: 20/20
 11067 | D:10     | Reached skill level 5 in Dodging
 11486 | D:10     | Noticed a hill giant
 11514 | D:10     | Killed a hill giant
 12186 | D:10     | Reached skill level 12 in Axes
 12362 | D:11     | Reached skill level 5 in Invocations
 12826 | D:11     | Found a staircase to the Lair.
 13000 | Lair:1   | Entered Level 1 of the Lair of Beasts
 13019 | Lair:1   | Identified 2 scrolls of acquirement
 13036 | Lair:1   | Got a polished plate armour
 13048 | Lair:1   | Identified the -5 plate armour of Freedom {Str+4 Dex+3} (You acquired it on level 1 of the Lair of Beasts)
 13418 | Lair:1   | Found an ancient bone altar of Kikubaaqudgha.
 13580 | Lair:1   | Reached XP level 12. HP: 63/104 MP: 22/22
 14073 | Lair:1   | Reached skill level 13 in Axes
 14326 | Lair:2   | Acquired Qazlal's fifth power
 14420 | Lair:2   | Found a labyrinth entrance.
 14466 | Lab      | Entered a labyrinth
 15039 | Lab      | Noticed a minotaur
 15818 | Lab      | Killed a minotaur
 16253 | Lair:2   | Noticed Nergalle
 16284 | Lair:2   | Paralysed by Nergalle for 6 turns
 16286 | Lair:2   | Killed Nergalle
 16913 | Lair:3   | Noticed a four-headed hydra
 17575 | Lair:4   | Reached skill level 10 in Fighting
 17929 | Lair:4   | Found a staircase to the Shoals.
 17934 | Lair:4   | the staircase to the Shoals was a mimic.
 18121 | Lair:5   | Reached skill level 14 in Axes
 18121 | Lair:5   | Reached XP level 13. HP: 85/113 MP: 19/24
 18835 | Lair:5   | Learned a level 1 spell: Apportation
 19617 | Lair:6   | Found a staircase to the Slime Pits.
 19617 | Lair:6   | Noticed an acid blob
 19730 | Lair:6   | Found a staircase to the Shoals.
 19772 | Lair:6   | Reached skill level 10 in Shields
 19856 | Lair:6   | Found a staircase to the Snake Pit.
 20233 | Lair:7   | Noticed Rupert
 20270 | Lair:7   | Upgraded the game from 0.16-a0-113-gc8d9654 to 0.16-a0-119-gc74d62a
 20504 | Lair:7   | Reached skill level 15 in Axes
 20509 | Lair:7   | Killed Rupert
 20509 | Lair:7   | Reached skill level 10 in Armour
 20701 | Lair:7   | Reached XP level 14. HP: 124/124 MP: 27/27
 20741 | Lair:7   | Found a staircase to the Slime Pits.
 21447 | Lair:8   | Entered Level 8 of the Lair of Beasts
 21981 | Lair:8   | Found a radiant altar of Vehumet.
 23643 | Lair:8   | Reached skill level 10 in Invocations
 23958 | Lair:8   | Reached skill level 16 in Axes
 24264 | Lair:8   | Found a burning altar of Makhleb.
 24270 | Lair:8   | Found a gateway to Hell.
 24846 | Lair:3   | Noticed an eight-headed hydra
 24848 | Lair:3   | Killed an eight-headed hydra
 25032 | Lair:3   | Killed a four-headed hydra
 25445 | D:11     | Reached skill level 10 in Evocations
 25552 | Orc:1    | Entered Level 1 of the Orcish Mines
 25701 | Orc:1    | Found a roughly hewn altar of Beogh.
 26051 | Orc:2    | Noticed Liquorice's ghost (powerful CeBe)
 26063 | Orc:2    | Killed Liquorice's ghost
 26614 | Orc:2    | Found a roughly hewn altar of Beogh.
 26980 | Orc:3    | Noticed Maurice
 26980 | Orc:3    | Found Ciqiofeq's Assorted Antiques.
 26999 | Orc:3    | Found Boarrel's General Store.
 27023 | Orc:3    | Killed Maurice
 27032 | Orc:3    | Bought a scroll of identify for 26 gold pieces
 27032 | Orc:3    | Bought a scroll of identify for 26 gold pieces
 27050 | Orc:3    | Bought a scroll of identify for 52 gold pieces
 27157 | Orc:4    | Entered Level 4 of the Orcish Mines
 27414 | Orc:3    | Found Qigemn's Distillery.
 27423 | Orc:3    | Found Seapei Pnoss' Weapon Shoppe.
 27424 | Orc:3    | Bought a potion of berserk rage for 42 gold pieces
 27424 | Orc:3    | Bought 2 potions of lignification for 56 gold pieces
 27424 | Orc:3    | Bought 2 potions of heal wounds for 84 gold pieces
 27424 | Orc:3    | Bought a potion of heal wounds for 42 gold pieces
 27595 | Orc:3    | Found Awnou's Distillery.
 27687 | Orc:4    | Reached XP level 15. HP: 132/132 MP: 28/28
 27694 | Orc:4    | Noticed tabulaattori's ghost (powerful SpAs)
 27701 | Orc:4    | Noticed an orc warlord
 28751 | Orc:4    | Found Zontyip's Food Boutique.
 28753 | Orc:4    | Found Mauther's Book Emporium.
 28754 | Orc:4    | Found Shuplag's Distillery.
 28755 | Orc:4    | Found Aniuklul's Weapon Emporium.
 28770 | Orc:4    | Bought a potion of confusion for 18 gold pieces
 28874 | Orc:4    | Killed an orc warlord
 28881 | Orc:4    | Paralysed by an orc sorcerer for 6 turns
 29519 | Snake:1  | Entered Level 1 of the Snake Pit
 29545 | Snake:1  | Identified the Compendium of Attacks and the Volcanoes
 29667 | Snake:1  | Reached skill level 17 in Axes
 31334 | Snake:2  | Found Siomumeoch's Distillery.
 31335 | Snake:2  | Found Koyshry's Book Boutique.
 31367 | Snake:2  | Bought 2 potions of heal wounds for 78 gold pieces
 31367 | Snake:2  | Bought a potion of experience for 650 gold pieces
 31367 | Snake:2  | Bought a potion of heal wounds for 39 gold pieces
 31367 | Snake:2  | Bought a potion of heal wounds for 39 gold pieces
 31368 | Snake:2  | Reached skill level 18 in Axes
 31368 | Snake:2  | Reached XP level 16. HP: 141/141 MP: 29/29
 31415 | Snake:2  | Found Thraucer's Food Emporium.
 32268 | Snake:2  | Found Xoyzas' Gadget Shop.
 32276 | Snake:2  | Bought a +2 rod of ignition (10/10) for 1445 gold pieces
 34084 | Snake:3  | Found a flickering gateway to a bazaar.
 34103 | Bazaar   | Entered a bazaar
 34103 | Bazaar   | Found Shrese Gini's Gadget Shoppe.
 34103 | Bazaar   | Found Toeror's Weapon Emporium.
 34105 | Bazaar   | Found Cranky's Armour Emporium.
 34118 | Bazaar   | Found Kecar's Distillery.
 34162 | Snake:3  | Reached skill level 19 in Axes
 34551 | Snake:3  | Reached XP level 17. HP: 150/150 MP: 30/30
 35645 | Snake:4  | Noticed Wiglaf
 35685 | Snake:4  | Killed Wiglaf
 36593 | Snake:5  | Entered Level 5 of the Snake Pit
 36606 | Snake:5  | Found Prassaecw's Jewellery Shop.
 38009 | Snake:4  | HP: 6/151 [mana viper (8)]
 39551 | Shoals:1 | Entered Level 1 of the Shoals
 39685 | Shoals:1 | Noticed Nikola
 39960 | Shoals:1 | Killed Nikola
 40883 | Shoals:1 | Reached XP level 18. HP: 134/159 MP: 31/31
 41584 | Shoals:2 | Reached skill level 15 in Shields
 42584 | Shoals:2 | Found Uchihor's Magic Scroll Shoppe.
 42596 | Shoals:2 | Bought a scroll of brand weapon for 220 gold pieces
 42596 | Shoals:2 | Bought a scroll of identify for 22 gold pieces
 42596 | Shoals:2 | Bought a scroll of recharging for 104 gold pieces
 43407 | Shoals:3 | Noticed Polyphemus
 43416 | Shoals:3 | Reached skill level 20 in Axes
 43427 | Shoals:3 | Killed Polyphemus
 43431 | Shoals:3 | HP: 10/238 [barbs]
 43438 | Shoals:3 | HP: 6/159 [barbs]
 43440 | Shoals:3 | HP: 2/159 [water nymph/the raging water (16)]
 43441 | Shoals:3 | Mangled by a water nymph

Action                   |  1- 3 |  4- 6 |  7- 9 | 10-12 | 13-15 | 16-18 || total
-------------------------+-------+-------+-------+-------+-------+-------++-------
Melee: War axe           |   131 |   193 |   634 |   740 |       |       ||  1698
       Battleaxe         |       |       |       |   264 |  1271 |   508 ||  2043
       Broad axe         |       |       |       |       |       |   671 ||   671
 Fire: Blowgun           |       |     5 |       |       |       |       ||     5
       Hunting sling     |       |       |     5 |    21 |       |       ||    26
Throw: Throwing net      |       |       |       |     1 |       |       ||     1
Invok: Upheaval          |       |       |     2 |     1 |     1 |       ||     4
       Elemental Force   |       |       |       |     3 |    20 |     9 ||    32
       Disaster Area     |       |       |       |       |     2 |       ||     2
 Abil: Evoke Blink       |       |       |     1 |     1 |       |       ||     2
       Evoke Berserk Rag |       |       |       |       |     1 |     1 ||     2
Evoke: Wand              |       |       |     4 |    22 |    43 |    29 ||    98
       Sack of spiders   |       |       |       |     3 |     2 |     1 ||     6
  Use: Scroll            |       |       |     2 |    21 |    11 |    19 ||    53
       Potion            |       |       |     1 |    11 |     7 |    17 ||    36
 Stab: Invisible         |       |       |       |     2 |       |       ||     2
       Paralysed         |       |       |       |     1 |       |       ||     1
       Distracted        |       |       |       |       |     2 |       ||     2
       Held in net/web   |       |       |       |       |     1 |       ||     1
  Eat: Chunk             |       |     7 |    15 |    17 |    16 |     8 ||    63
       Beef jerky        |       |       |     1 |     5 |     6 |     1 ||    13
       Fruit             |       |       |     4 |     3 |     9 |       ||    16
       Pizza             |       |       |       |     2 |       |     1 ||     3
       Meat ration       |       |       |       |     1 |     1 |     2 ||     4
       Royal jelly       |       |       |       |     1 |       |       ||     1
       Bread ration      |       |       |       |       |     2 |     4 ||     6
